 Dungeon Crawl Stone Soup version 0.30.1-11-g7821555f0a (webtiles) character file.

Game seed: 8369973751755750753

864 jfcaron the Covert (level 8, -9/67 HPs)
             Began as a Gnoll Delver on Nov 6, 2023.
             Was an Initiate of Okawaru.
             Killed from afar by an acid dragon (32 damage)
             ... with a splash of acid
             ... on level 6 of the Dungeon.
             The game lasted 00:11:18 (5208 turns).

jfcaron the Covert (Gnoll Delver)                   Turns: 5208, Time: 00:11:18

Health: -9/67      AC:  0    Str: 14    XL:     8   Next: 3%
Magic:  12/12      EV: 19    Int: 11    God:    Okawaru [......]
Gold:   75         SH:  5    Dex: 14    Spells: 13/13 levels left

rFire   . . .        h - +7 mace "Loibeilysm" {elec, Int+2 Stlth+}
rCold   + . .        (no shield)
rNeg    . . .        B - +0 leather armour {rPois}
rPois   +            q - +0 helmet
rElec   .            I - +2 cloak {Will+}
rCorr   .            D - +0 pair of gloves
SInv    .            (no boots)
Will    +....        w - amulet of reflection
Stlth   +++++        x - +5 ring of evasion
HPRegen 0.31/turn    A - ring of protection from cold
MPRegen 0.13/turn

%: reflection
@: corroded
A: fangs 1, strong nose, distributed training
a: Renounce Religion


You were on level 6 of the Dungeon.
You worshipped Okawaru.
Okawaru was noncommittal.
You visited 2 branches of the dungeon, and saw 7 of its levels.

You collected 355 gold pieces.
You spent 280 gold pieces at shops.

Inventory:

Hand Weapons
 a - a +0 spear
 h - the +7 mace "Loibeilysm" (weapon) {elec, Int+2 Stlth+}
   (You found it on level 2 of the Dungeon)

   Int:       It affects your intelligence (+2).
   Stlth:     It makes you more stealthy.
 i - a +0 antimagic dagger
   (You found it on level 5 of the Dungeon)
 t - a +0 short sword of holy wrath
   (You took it off a kobold on level 1 of the Dungeon)
Armour
 q - a +0 helmet (worn)
 B - a +0 leather armour of poison resistance (worn)
   (You took it off an orc on level 3 of the Dungeon)
 D - a +0 pair of gloves (worn)
 I - a +2 cloak of willpower (worn)
   (You bought it in a shop on level 2 of the Dungeon)
Magical Staves
 j - a staff of fire
   (You found it on level 3 of the Dungeon)
Jewellery
 b - the ring of Ipyeweb {*Slow rElec rF+ rCorr}
   (You found it on level 4 of the Dungeon)

   [ring of resist corrosion]

   rF:        It protects you from fire.
   rElec:     It insulates you from electricity.
   rCorr:     It protects you from acid and corrosion.
   *Slow:     It may slow you when you take damage.
 w - an amulet of reflection (around neck)
   (You found it on level 2 of the Dungeon)
 x - a +5 ring of evasion (left hand)
   (You found it on level 3 of the Dungeon)
 A - a ring of protection from cold (right hand)
   (You found it on level 3 of the Dungeon)
Wands
 g - a wand of digging (3)
Scrolls
 c - a scroll of fog
 d - a scroll of magic mapping
 e - a scroll of fear
 l - a scroll of enchant armour {unknown}
 m - a scroll of poison {unknown}
 o - 2 scrolls of amnesia {unknown}
 u - 2 scrolls of enchant weapon {unknown}
 v - a scroll of teleportation {unknown}
 y - a scroll of vulnerability {unknown}
 E - a scroll of butterflies {unknown}
 F - a scroll of immolation {unknown}
 G - a scroll of brand weapon {unknown}
Potions
 f - a potion of haste
 k - 2 potions of curing
 n - 3 potions of ambrosia
 p - 2 potions of lignification
 r - 5 potions of heal wounds
 s - a potion of mutation
 z - a potion of resistance
 C - a potion of invisibility
 H - a potion of brilliance {unknown}


   Skills:
 + Level 7.2 Fighting
 + Level 3.0 Short Blades
 + Level 3.0 Long Blades
 + Level 3.0 Axes
 + Level 3.0 Maces & Flails
 + Level 5.5 Polearms
 + Level 3.0 Staves
 + Level 3.0 Ranged Weapons
 + Level 3.0 Throwing
 + Level 3.0 Armour
 + Level 5.5 Dodging
 + Level 10.0 Stealth
 + Level 3.0 Shields
 + Level 3.0 Unarmed Combat
 + Level 3.0 Spellcasting
 + Level 2.4 Conjurations
 + Level 2.4 Hexes
 + Level 2.4 Summonings
 + Level 2.4 Necromancy
 + Level 2.4 Translocations
 + Level 2.4 Transmutations
 + Level 2.4 Fire Magic
 + Level 2.4 Ice Magic
 + Level 2.4 Air Magic
 + Level 2.4 Earth Magic
 + Level 2.4 Poison Magic
 + Level 3.3 Invocations
 + Level 3.0 Evocations


You had 13 spell levels left.
You didn't know any spells.
Your spell library was empty.

Dungeon Overview and Level Annotations

Branches:
Dungeon (6/15)             Temple (1/1) D:5

Altars:
Ashenzari
Cheibriados
Dithmenos
Elyvilon
Fedhas
Gozag
Hepliaklqana
Kikubaaqudgha
Nemelex Xobeh
Okawaru
Qazlal
Ru
Sif Muna
Trog
Uskayaw
Vehumet
Xom
Yredelemnul

Shops:
D:1 [   D:2 **([*

Annotations:
D:6 Menkaure


Innate Abilities, Weirdness & Mutations

You have very sharp teeth.
Your uncanny sense of smell can sniff out nearby items.
Your experience applies equally to all skills.


Message History

The acid dragon bites you but does no damage.
The acid dragon claws you but does no damage.
You hit the acid dragon.
The acid dragon is heavily wounded.
The acid dragon spits acid at you. The splash of acid hits you!
The acid corrodes you!
You hit the acid dragon.
The acid dragon is heavily wounded.
The acid dragon spits acid at you. The splash of acid hits you!
The acid corrodes you!
You hear a shout!
You hit the acid dragon but do no damage.
You bite the acid dragon, but do no damage.
The acid dragon is heavily wounded.
The acid dragon completely misses you. The acid dragon misses you.
You block the acid dragon's attack. The acid dragon barely misses you.
You hit the acid dragon but do no damage.
You bite the acid dragon, but do no damage.
The acid dragon is heavily wounded.
The acid dragon barely misses you. The acid dragon misses you.
You closely miss the acid dragon. Your bite misses the acid dragon.
The acid dragon is heavily wounded.
The acid dragon closely misses you. The acid dragon misses you.
You hit the acid dragon.
The acid dragon is severely wounded.
A wight comes into view. It is wielding a +0 long sword.
The acid dragon bites you. You block the acid dragon's attack.
You barely miss the acid dragon.
The acid dragon is severely wounded.
The acid dragon bites you. The acid dragon claws you.
Menkaure, Prince of Dust comes into view.
You hit the acid dragon.
You punch the acid dragon, but do no damage.
The acid dragon is severely wounded.
The acid dragon misses you. The acid dragon claws you.
Menkaure mumbles some strange words.
Menkaure seems to speed up.
The acid dragon spits acid at you. The splash of acid hits you!!
You die...

.# . ##. .#
##...
##.###.z..M
##..........
...........
##.........
##..@D......
#...........
#!.....!....
#...!.##.....
.........
.....
####.....
.... ##.!...
... #..!..
... ##...##


You could see an acid dragon (catching breath), Menkaure (fast) and a wight.

Vanquished Creatures
  A wyvern (D:5)
  A black bear (D:5)
  An ogre (D:4)
  2 scorpions
  3 hounds
  A jelly (D:5)
  An iguana (D:5)
  2 orc wizards
  3 gnolls (D:3)
  7 adders
  2 white imps (D:6)
  An ufetubus (D:3)
  A worm (D:2)
  A dart slug (D:4)
  8 orcs
  10 ball pythons
  7 endoplasms
  6 giant cockroaches
  11 goblins
  7 hobgoblins
  6 jackals
  6 quokkas
  10 bats
  2 frilled lizards
  7 kobolds
  7 rats
114 creatures vanquished.

Notes
Turn   | Place    | Note
-------+----------+-------------------------------------------
     0 | D:5      | Reached skill level 9 in Stealth
     0 | D:5      | jfcaron the Gnoll Delver began the quest for the Orb.
     0 | D:5      | Reached XP level 1. HP: 23/23 MP: 1/1
    45 | D:5      | Noticed a wyvern
   113 | D:4      | Noticed a sleepcap
   222 | D:3      | Noticed an orc wizard
   254 | D:3      | Killed an orc wizard
   255 | D:3      | Reached XP level 2. HP: 9/29 MP: 0/2
   255 | D:3      | Reached XP level 3. HP: 12/35 MP: 1/3
   367 | D:3      | Found an ancient bone altar of Kikubaaqudgha.
   429 | D:3      | Reached skill level 1 in Invocations
   438 | D:2      | Identified the +7 mace "Loibeilysm" {elec, Int+2 Stlth+}
   450 | D:2      | Found Noteytuigh's General Store.
   463 | D:2      | Bought 2 stones for 2 gold pieces
   463 | D:2      | Bought 5 stones for 5 gold pieces
   463 | D:2      | Bought 4 stones for 4 gold pieces
   463 | D:2      | Bought a scroll of identify for 22 gold pieces
   504 | D:2      | Found Enocaenkics's Assorted Antiques.
   584 | D:2      | Found Iliobb's Antique Weapon Boutique.
   648 | D:2      | Reached skill level 1 in Short Blades
   648 | D:2      | Reached skill level 1 in Long Blades
   648 | D:2      | Reached skill level 1 in Axes
   648 | D:2      | Reached skill level 1 in Maces & Flails
   648 | D:2      | Reached skill level 1 in Staves
   648 | D:2      | Reached skill level 1 in Ranged Weapons
   648 | D:2      | Reached skill level 1 in Throwing
   648 | D:2      | Reached skill level 1 in Armour
   648 | D:2      | Reached skill level 1 in Shields
   648 | D:2      | Reached skill level 1 in Unarmed Combat
   648 | D:2      | Reached skill level 1 in Spellcasting
   648 | D:2      | Reached skill level 1 in Evocations
   687 | D:2      | Bought a fizzy purple potion for 19 gold pieces
   799 | D:1      | Reached XP level 4. HP: 40/41 MP: 5/5
   927 | D:1      | Found Hastros's Antique Armour Emporium.
  1092 | D:1      | Reached skill level 1 in Conjurations
  1092 | D:1      | Reached skill level 1 in Hexes
  1092 | D:1      | Reached skill level 1 in Summonings
  1092 | D:1      | Reached skill level 1 in Necromancy
  1092 | D:1      | Reached skill level 1 in Translocations
  1092 | D:1      | Reached skill level 1 in Transmutations
  1092 | D:1      | Reached skill level 1 in Fire Magic
  1092 | D:1      | Reached skill level 1 in Ice Magic
  1092 | D:1      | Reached skill level 1 in Air Magic
  1092 | D:1      | Reached skill level 1 in Earth Magic
  1092 | D:1      | Reached skill level 1 in Poison Magic
  1383 | D:2      | Bought a lumpy blue potion for 19 gold pieces
  1383 | D:2      | Bought a scroll labelled RUYNOM HOYSA for 22 gold pieces
  1410 | D:2      | Bought a scroll of identify for 22 gold pieces
  1586 | D:2      | Found Pikesen's Armour Shoppe.
  1618 | D:2      | Found Ysel Syi's General Store.
  1736 | D:2      | Reached XP level 5. HP: 47/47 MP: 7/7
  3015 | D:4      | Noticed an ogre
  3024 | D:4      | Killed an ogre
  3025 | D:4      | Reached skill level 5 in Polearms
  3025 | D:4      | Reached skill level 5 in Dodging
  3025 | D:4      | Reached XP level 6. HP: 53/53 MP: 7/9
  3215 | D:4      | Identified the ring of Ipyeweb {*Slow rElec rF+ rCorr}
  3555 | D:4      | Found a shimmering altar of Xom.
  3957 | D:5      | Reached XP level 7. HP: 60/60 MP: 10/10
  4245 | D:2      | Bought a glowing cloak for 165 gold pieces
  4323 | D:5      | Found a sacrificial altar of Ru.
  4414 | D:5      | Found a staircase to the Ecumenical Temple.
  4426 | Temple   | Entered the Ecumenical Temple
  4448 | Temple   | Became a worshipper of Warmaster Okawaru
  4480 | D:5      | Found a blossoming altar of Fedhas.
  4481 | D:5      | Found a shimmering blue altar of Sif Muna.
  4486 | D:5      | Found a sparkling altar of Nemelex Xobeh.
  4487 | D:5      | Found an opulent altar of Gozag.
  4490 | D:5      | Found a hide-covered altar of Uskayaw.
  4491 | D:5      | Found a radiant altar of Vehumet.
  4495 | D:5      | Found a shadowy altar of Dithmenos.
  4498 | D:5      | Found a hazy altar of Hepliaklqana.
  4775 | D:5      | Reached skill level 10 in Stealth
  4974 | D:5      | Killed a wyvern
  4992 | D:6      | Reached XP level 8. HP: 34/67 MP: 12/12
  5000 | D:6      | HP: 6/67 [acid dragon/splash of acid (32)]
  5207 | D:6      | Noticed Menkaure
  5208 | D:6      | Killed from afar by an acid dragon

Illustrated notes

Levels and vault maps discovered:
D:1:      sevenhm_arrival_forest_fort_large_2, layout_basic, serial_forest,
          infiniplex_forest_diagonal, infiniplex_forest_lined_corner,
          infiniplex_forest_lined_3, infiniplex_forest_lined_room_2,
          infiniplex_forest_straight_2, serial_shops,
          nicolae_shop_competitors_out_of_business, minmay_cupped
D:2:      layout_basic, serial_shops, shop,
          nicolae_shop_temple_entry_statues_fountains,
          nicolae_shop_getting_attention, shop, nicolae_shop_advertising_works
          [nicolae_subvault_shop_adworks], hex_tiny, st_stairs_4
D:3:      layout_loops_corners, nicolae_kikubaaqudgha_miasma_corner
D:4:      layout_layer_cave, lemuel_round_altar
D:5:      layout_basic, nicolae_ru_the_path_less_chosen,
          nicolae_overflow_hallway_of_the_gods
D:6:      layout_layer_cave, grunt_decor_mini_mirrors, minmay_manual_monstrance,
          uniq_menkaure
Temple:   hellmonk_temple_two_chambers

Skill      XL: |  1  2  3  4  5  6  7 |
---------------+----------------------+-----
Stealth        | 10 | 10.0
Invocations    | 1 2 3 |  3.3
Short Blades   | 1 2 3 |  3.0
Long Blades    | 1 2 3 |  3.0
Axes           | 1 2 3 |  3.0
Maces & Flails | 1 2 3 |  3.0
Staves         | 1 2 3 |  3.0
Ranged Weapons | 1 2 3 |  3.0
Throwing       | 1 2 3 |  3.0
Armour         | 1 2 3 |  3.0
Shields        | 1 2 3 |  3.0
Unarmed Combat | 1 2 3 |  3.0
Spellcasting   | 1 2 3 |  3.0
Evocations     | 1 2 3 |  3.0
Conjurations   | 1 2 |  2.4
Hexes          | 1 2 |  2.4
Summonings     | 1 2 |  2.4
Necromancy     | 1 2 |  2.4
Translocations | 1 2 |  2.4
Transmutations | 1 2 |  2.4
Fire Magic     | 1 2 |  2.4
Ice Magic      | 1 2 |  2.4
Air Magic      | 1 2 |  2.4
Earth Magic    | 1 2 |  2.4
Poison Magic   | 1 2 |  2.4
Polearms       | 5 |  5.5
Dodging        | 5 |  5.5
Fighting       | 7 |  7.2

Action                     |  1- 3 |  4- 6 |  7- 9 || total
---------------------------+-------+-------+-------++-------
  Melee: Spear             |    29 |       |       ||    29
         Dagger            |     8 |       |       ||     8
         Bite              |     6 |     6 |     5 ||    17
         Mace              |    30 |   138 |    56 ||   224
         Punch             |       |     1 |     2 ||     3
  Throw: Stone             |    25 |    25 |     8 ||    58
    Use: Potion            |     1 |     1 |       ||     2
         Scroll            |       |     4 |     2 ||     6
   Stab: Sleeping          |     4 |    24 |     1 ||    29
         Invisible         |     1 |       |       ||     1
         Distracted        |       |     1 |       ||     1
 Armour: Leather armour    |    13 |    26 |     9 ||    48
  Dodge: Dodged            |    37 |    71 |    62 ||   170
  Block: Other             |       |    21 |    15 ||    36
         Reflection        |       |       |     1 ||     1

Table legend: (Time is in decaauts)
 A = Elapsed time spent in this place.
 B = Non-inter-level travel time spent in this place.
 C = Inter-level travel time spent in this place.
 D = Time resting spent in this place.
 E = Time spent auto-exploring this place.
 F = Levels seen in this place.
 G = Mean time per level.
                   A        B        C        D        E       F      G
               +--------+--------+--------+--------+--------+-----+--------+
         Total |   5278 |   4824 |    454 |    395 |   3385 |   7 |  754.0 |
       Dungeon |   5249 |   4809 |    440 |    395 |   3374 |   6 |  874.8 |
        Temple |     28 |     14 |     14 |      0 |     11 |   1 |   28.0 |
               +--------+--------+--------+--------+--------+-----+--------+

Top non-repeatable levels by time:
     D:5: 1166 daAuts
     D:3: 1161 daAuts
     D:2: 1125 daAuts
     D:4: 1119 daAuts
     D:1: 650 daAuts
  Temple: 28 daAuts
     D:6: 26 daAuts

Table legend:
 A = Kills in this place as a percentage of kills in the entire game.
 B = Kills by you in this place as a percentage of kills by you in the entire game.
 C = Kills by friends in this place as a percentage of kills by friends in the entire game.
 D = Other kills in this place as a percentage of other kills in the entire game.
 E = Experience gained in this place as a percentage of experience gained in the entire game.
 F = Experience gained in this place divided by the number of levels of this place that you have seen.
                   A       B       C       D       E      F
               +-------+-------+-------+-------+-------+----------------------
         Total | 100.0 | 100.0 |   N/A |   N/A | 100.0 | 176.4
       Dungeon | 100.0 | 100.0 |   N/A |   N/A | 100.0 | 205.8
               +-------+-------+-------+-------+-------+----------------------

Levels and vault maps discovered:
D:1:      sevenhm_arrival_forest_fort_large_2, layout_basic, serial_forest,
          infiniplex_forest_diagonal, infiniplex_forest_lined_corner,
          infiniplex_forest_lined_3, infiniplex_forest_lined_room_2,
          infiniplex_forest_straight_2, serial_shops,
          nicolae_shop_competitors_out_of_business, minmay_cupped
D:2:      layout_basic, serial_shops, shop,
          nicolae_shop_temple_entry_statues_fountains,
          nicolae_shop_getting_attention, shop, nicolae_shop_advertising_works
          [nicolae_subvault_shop_adworks], hex_tiny, st_stairs_4
D:3:      layout_loops_corners, nicolae_kikubaaqudgha_miasma_corner
D:4:      layout_layer_cave, lemuel_round_altar
D:5:      layout_basic, nicolae_ru_the_path_less_chosen,
          nicolae_overflow_hallway_of_the_gods
D:6:      layout_layer_cave, grunt_decor_mini_mirrors, minmay_manual_monstrance,
          uniq_menkaure
Temple:   hellmonk_temple_two_chambers
